[ AOE2 MATCH · #500637015 ]
UnrankedPersians vs Turks
[ REPLAY ANALYSIS · EXTRACTED FROM THE RECORDED GAME ]
Feudal
14:13
Castle
18:25
Imperial
40:20
| APM avg | 50.0 |
| APM peak | 105 |
| eAPM avg | 33.9 |
| Villagers / military | 172 / 270 |
Focus
⚔️ 49.6% · 🌾 50.4%
Knight ×160 · Camel Scout ×50 · Galley ×36 · Fire Galley ×17 · Fishing Ship ×15 · Trebuchet (Packed) ×4
Feudal
12:43
Castle
24:36
Imperial
45:01
| APM avg | 46.7 |
| APM peak | 106 |
| eAPM avg | 24.8 |
| Villagers / military | 235 / 178 |
Focus
⚔️ 37.6% · 🌾 62.4%
Scout Cavalry ×69 · Camel Scout ×67 · Hand Cannoneer ×26 · Fishing Ship ×22 · Cannon Galleon ×10 · Bombard Cannon ×6
Feudal
12:28
Castle
15:58
Imperial
30:56
| APM avg | 63.8 |
| APM peak | 115 |
| eAPM avg | 26.9 |
| Villagers / military | 158 / 198 |
Focus
⚔️ 36.8% · 🌾 63.2%
Spearman ×83 · Skirmisher ×77 · Conquistador ×15 · Hand Cannoneer ×10 · Trebuchet (Packed) ×8 · Monk ×5
Feudal
12:51
Castle
19:42
Imperial
43:44
| APM avg | 42.7 |
| APM peak | 71 |
| eAPM avg | 24.3 |
| Villagers / military | 150 / 294 |
Focus
⚔️ 55.3% · 🌾 44.7%
Spearman ×235 · Unknown (1968) ×88 · Galley ×59 · Fishing Ship ×10 · Unknown (1942) ×10 · Unknown (2626) ×1
Match map
Initial resources + every placement click. Lines = walls · curves = elevation contours. ◆ gold · ⬟ stone · ● berries · ✦ relic · ◌ wall gap
Your base· ✓ Closed at 18:25 · 22t walls · no gate
76nateK's base· Open — 11t gap
Croccia's base· Open — 3t gap
GRAFOTES's base· Open — 14t gap
Smoothed initial terrain · ◌ = detected wall gap · hover for details
Inputs per minute
— GAX | t9 - - 76nateK
Build order — GAX | t9
First 150 of 710 actions detected
| 0:03 | Build | Town Center |
| 1:37 | Build | Dock |
| 2:19 | Build | House |
| 2:21 | Build | Palisade Wall |
| 2:22 | Build | Palisade Wall |
| 2:23 | Build | Palisade Wall |
| 2:24 | Queue | Villager (Male) |
| 2:24 | Queue | Villager (Male) |
| 2:25 | Queue | Villager (Male) |
| 2:25 | Queue | Villager (Male) |
| 2:25 | Queue | Villager (Male) |
| 3:02 | Build | Palisade Wall |
| 3:02 | Build | Palisade Wall |
| 3:10 | Queue | Fishing Ship |
| 3:11 | Queue | Fishing Ship |
| 3:13 | Build | Palisade Wall |
| 3:30 | Build | Palisade Wall |
| 3:41 | Build | House |
| 4:03 | Research | Loom |
| 4:12 | Queue | Fishing Ship |
| 4:12 | Queue | Fishing Ship |
| 4:25 | Build | House |
| 4:36 | Queue | Villager (Male) |
| 4:36 | Queue | Villager (Male) |
| 5:20 | Queue | Villager (Male) |
| 5:20 | Queue | Villager (Male) |
| 5:22 | Queue | Fishing Ship |
| 5:27 | Build | House |
| 5:50 | Queue | Villager (Male) |
| 6:01 | Queue | Fishing Ship |
| 6:01 | Queue | Fishing Ship |
| 6:18 | Queue | Villager (Male) |
| 6:38 | Queue | Villager (Male) |
| 7:07 | Build | House |
| 7:11 | Queue | Villager (Male) |
| 7:12 | Queue | Fishing Ship |
| 7:35 | Queue | Villager (Male) |
| 7:55 | Queue | Villager (Male) |
| 7:57 | Queue | Villager (Male) |
| 8:15 | Queue | Fishing Ship |
| 8:18 | Build | Dock |
| 8:25 | Build | House |
| 8:32 | Queue | Villager (Male) |
| 8:43 | Build | Lumber Camp |
| 8:54 | Queue | Villager (Male) |
| 9:13 | Queue | Villager (Male) |
| 9:33 | Queue | Villager (Male) |
| 9:51 | Queue | Fishing Ship |
| 9:51 | Queue | Fishing Ship |
| 9:52 | Queue | Fishing Ship |
| 9:54 | Queue | Villager (Male) |
| 9:58 | Build | House |
| 10:39 | Queue | Villager (Male) |
| 10:42 | Build | House |
| 11:05 | Build | Mining Camp |
| 11:10 | Build | Outpost |
| 11:23 | Queue | Villager (Male) |
| 11:25 | Queue | Fishing Ship |
| 11:26 | Queue | Fishing Ship |
| 11:28 | Queue | Fishing Ship |
| 11:36 | Build | Outpost |
| 12:09 | Research | Feudal Age |
| 12:19 | Build | Dock |
| 12:59 | Build | Palisade Wall |
| 13:54 | Build | Mill |
| 14:13 | Age | Feudal Age |
| 14:15 | Queue | Villager (Male) |
| 14:19 | Build | Blacksmith |
| 14:33 | Queue | Villager (Male) |
| 14:38 | Build | Market |
| 14:52 | Queue | Galley |
| 14:52 | Queue | Galley |
| 14:53 | Queue | Galley |
| 14:53 | Queue | Galley |
| 15:00 | Queue | Villager (Male) |
| 15:14 | Build | House |
| 15:20 | Build | House |
| 15:23 | Research | Town Watch |
| 15:32 | Build | Palisade Wall |
| 15:47 | Queue | Galley |
| 15:47 | Queue | Galley |
| 16:00 | Research | Castle Age |
| 16:08 | Build | Gate |
| 16:11 | Build | House |
| 16:17 | Queue | Galley |
| 16:18 | Queue | Galley |
| 16:32 | Queue | Galley |
| 16:32 | Queue | Galley |
| 16:56 | Queue | Villager (Male) |
| 17:25 | Research | Fletching |
| 17:25 | Research | Fletching |
| 17:57 | Queue | Fire Galley |
| 18:00 | Queue | Fire Galley |
| 18:00 | Queue | Fire Galley |
| 18:00 | Queue | Fire Galley |
| 18:25 | Age | Castle Age |
| 18:29 | Research | War Galley (upgrade) |
| 18:30 | Research | War Galley (upgrade) |
| 18:31 | Queue | Villager (Male) |
| 18:38 | Research | Double-Bit Axe |
| 18:38 | Research | Double-Bit Axe |
| 18:45 | Queue | Fire Galley |
| 18:45 | Queue | Fire Galley |
| 19:13 | Queue | Villager (Male) |
| 19:22 | Build | Town Center |
| 19:33 | Queue | Villager (Male) |
| 19:38 | Build | House |
| 19:48 | Queue | Fire Galley |
| 19:48 | Queue | Fire Galley |
| 19:49 | Queue | Fire Galley |
| 19:59 | Queue | Villager (Male) |
| 20:03 | Build | House |
| 20:11 | Queue | Villager (Male) |
| 20:28 | Queue | Fire Galley |
| 20:29 | Queue | Fire Galley |
| 20:29 | Queue | Fire Galley |
| 20:29 | Queue | Fire Galley |
| 20:46 | Queue | Villager (Male) |
| 20:49 | Queue | Villager (Male) |
| 21:09 | Queue | Villager (Male) |
| 21:16 | Queue | Villager (Male) |
| 21:23 | Build | Dock |
| 21:26 | Queue | Villager (Male) |
| 21:30 | Queue | Villager (Male) |
| 21:34 | Queue | Villager (Male) |
| 21:37 | Queue | Galley |
| 21:38 | Queue | Galley |
| 21:38 | Queue | Galley |
| 21:38 | Queue | Galley |
| 21:41 | Queue | Villager (Male) |
| 21:42 | Build | Farm |
| 21:48 | Build | Farm |
| 21:48 | Build | Farm |
| 21:51 | Queue | Villager (Male) |
| 21:55 | Queue | Galley |
| 21:55 | Queue | Galley |
| 22:16 | Queue | Galley |
| 22:16 | Queue | Galley |
| 22:26 | Queue | Galley |
| 22:27 | Queue | Galley |
| 22:31 | Queue | Villager (Male) |
| 22:42 | Queue | Galley |
| 22:42 | Queue | Galley |
| 22:44 | Queue | Villager (Male) |
| 22:45 | Queue | Villager (Male) |
| 22:48 | Build | Farm |
| 22:52 | Queue | Fire Galley |
| 22:52 | Queue | Fire Galley |
| 23:14 | Queue | Villager (Male) |
| 23:15 | Build | House |
Build order — 76nateK
First 150 of 637 actions detected
| 0:12 | Build | Town Center |
| 0:16 | Build | House |
| 1:06 | Build | Dock |
| 2:31 | Queue | Villager (Male) ×4 |
| 3:43 | Queue | Villager (Male) |
| 3:43 | Queue | Villager (Male) |
| 4:08 | Queue | Fishing Ship |
| 4:08 | Queue | Fishing Ship |
| 4:26 | Build | House |
| 4:35 | Queue | Villager (Male) |
| 4:56 | Research | Loom |
| 5:20 | Queue | Villager (Male) |
| 5:20 | Queue | Villager (Male) |
| 5:23 | Queue | Fishing Ship |
| 5:47 | Queue | Villager (Male) |
| 6:06 | Build | House |
| 6:10 | Queue | Fishing Ship |
| 6:10 | Queue | Fishing Ship |
| 6:20 | Queue | Villager (Male) |
| 6:20 | Queue | Villager (Male) |
| 6:42 | Queue | Villager (Male) |
| 7:07 | Queue | Villager (Male) |
| 7:08 | Queue | Fishing Ship |
| 7:09 | Queue | Fishing Ship |
| 7:18 | Build | House |
| 7:32 | Queue | Villager (Male) |
| 7:32 | Queue | Villager (Male) |
| 7:52 | Queue | Fishing Ship |
| 7:52 | Queue | Fishing Ship |
| 8:01 | Queue | Villager (Male) |
| 8:05 | Build | House |
| 8:51 | Queue | Villager (Male) |
| 9:06 | Queue | Fishing Ship |
| 9:07 | Queue | Fishing Ship |
| 9:18 | Queue | Villager (Male) |
| 9:18 | Queue | Villager (Male) |
| 9:46 | Queue | Villager (Male) |
| 9:50 | Build | Lumber Camp |
| 9:52 | Queue | Villager (Male) |
| 10:29 | Research | Feudal Age |
| 11:11 | Build | Barracks |
| 11:23 | Build | House |
| 11:47 | Queue | Villager (Male) |
| 12:11 | Build | House |
| 12:12 | Queue | Villager (Male) |
| 12:40 | Queue | Villager (Male) |
| 12:43 | Age | Feudal Age |
| 12:44 | Build | Stable |
| 12:50 | Queue | Villager (Male) |
| 12:54 | Build | Stable |
| 13:24 | Queue | Villager (Male) |
| 13:35 | Build | Blacksmith |
| 13:35 | Queue | Scout Cavalry |
| 13:36 | Queue | Scout Cavalry |
| 13:40 | Queue | Villager (Male) |
| 13:44 | Queue | Villager (Male) |
| 13:52 | Queue | Scout Cavalry |
| 13:52 | Queue | Scout Cavalry |
| 13:53 | Queue | Scout Cavalry |
| 14:05 | Queue | Villager (Male) |
| 14:12 | Build | Mill |
| 14:25 | Research | Forging |
| 14:31 | Build | House |
| 14:38 | Queue | Scout Cavalry |
| 14:40 | Queue | Scout Cavalry |
| 14:48 | Build | Mill |
| 15:12 | Research | Scale Barding Armor |
| 15:33 | Queue | Villager (Male) |
| 15:36 | Queue | Villager (Male) |
| 15:54 | Queue | Villager (Male) |
| 16:01 | Build | Farm |
| 16:04 | Build | Farm |
| 16:05 | Build | Farm |
| 16:05 | Queue | Villager (Male) |
| 16:12 | Queue | Villager (Male) |
| 16:36 | Research | Double-Bit Axe |
| 16:37 | Queue | Villager (Male) |
| 16:45 | Queue | Villager (Male) |
| 17:30 | Queue | Villager (Male) |
| 17:30 | Queue | Villager (Male) |
| 17:38 | Build | Watch Tower |
| 17:45 | Queue | Villager (Male) |
| 17:46 | Queue | Villager (Male) |
| 17:59 | Queue | Villager (Male) |
| 18:08 | Queue | Villager (Male) |
| 18:18 | Build | Watch Tower |
| 18:20 | Queue | Villager (Male) |
| 18:50 | Queue | Villager (Male) |
| 18:54 | Research | Horse Collar |
| 19:04 | Build | Watch Tower |
| 19:13 | Queue | Villager (Male) |
| 19:20 | Build | Mining Camp |
| 19:26 | Build | Farm |
| 19:27 | Build | Farm |
| 19:31 | Research | Fletching |
| 19:44 | Queue | Villager (Male) |
| 19:45 | Queue | Villager (Male) |
| 19:50 | Research | Wheelbarrow |
| 19:55 | Build | House |
| 20:01 | Build | Farm |
| 20:08 | Queue | Villager (Male) |
| 20:08 | Queue | Villager (Male) |
| 20:20 | Build | Farm |
| 20:21 | Queue | Villager (Male) |
| 20:25 | Queue | Villager (Male) |
| 20:35 | Build | House |
| 21:04 | Queue | Villager (Male) |
| 21:09 | Build | Watch Tower |
| 21:12 | Queue | Villager (Male) |
| 21:33 | Build | Watch Tower |
| 21:41 | Research | Castle Age |
| 21:41 | Queue | Villager (Male) |
| 22:01 | Queue | Villager (Male) |
| 22:07 | Build | Dock |
| 22:08 | Queue | Villager (Male) |
| 22:29 | Build | Farm |
| 22:35 | Research | Bloodlines |
| 22:56 | Queue | Villager (Male) |
| 23:45 | Queue | Villager (Male) |
| 23:56 | Queue | Villager (Male) |
| 24:00 | Build | Farm |
| 24:01 | Build | Farm |
| 24:13 | Queue | Villager (Male) |
| 24:22 | Build | House |
| 24:22 | Build | House |
| 24:23 | Queue | Fishing Ship |
| 24:23 | Queue | Fishing Ship |
| 24:24 | Queue | Fishing Ship |
| 24:26 | Queue | Fishing Ship |
| 24:26 | Queue | Fishing Ship |
| 24:36 | Age | Castle Age |
| 24:39 | Research | Husbandry |
| 24:40 | Queue | Camel Scout |
| 24:40 | Queue | Camel Scout |
| 24:42 | Research | Chain Barding Armor |
| 24:44 | Queue | Villager (Male) |
| 24:52 | Build | Town Center |
| 24:56 | Queue | Villager (Male) |
| 25:01 | Queue | Camel Scout |
| 25:04 | Queue | Camel Scout |
| 25:11 | Queue | Camel Scout |
| 25:13 | Queue | Villager (Male) |
| 25:57 | Queue | Villager (Male) |
| 26:00 | Queue | Camel Scout |
| 26:07 | Research | Bow Saw |
| 26:15 | Queue | Villager (Male) |
| 27:05 | Queue | Villager (Male) |
| 27:05 | Queue | Villager (Male) |
| 27:10 | Build | Castle |
| 27:14 | Queue | Villager (Male) |
Build order — Croccia
First 150 of 459 actions detected
| 0:12 | Build | Town Center |
| 0:41 | Build | Dock |
| 0:43 | Build | House |
| 0:44 | Build | Palisade Wall |
| 2:27 | Queue | Villager (Male) |
| 2:38 | Queue | Villager (Male) |
| 2:38 | Queue | Villager (Male) |
| 2:39 | Queue | Villager (Male) |
| 2:39 | Queue | Villager (Male) |
| 3:28 | Queue | Villager (Male) |
| 3:28 | Queue | Villager (Male) |
| 3:32 | Queue | Fishing Ship |
| 3:32 | Queue | Fishing Ship |
| 3:32 | Queue | Fishing Ship |
| 3:49 | Build | Palisade Wall |
| 4:10 | Build | House |
| 4:37 | Queue | Villager (Male) |
| 4:37 | Queue | Villager (Male) |
| 4:37 | Queue | Villager (Male) |
| 5:00 | Queue | Villager (Male) |
| 5:00 | Queue | Villager (Male) |
| 5:27 | Queue | Fishing Ship |
| 5:29 | Build | House |
| 5:32 | Queue | Villager (Male) |
| 5:47 | Queue | Villager (Male) |
| 5:48 | Queue | Villager (Male) |
| 5:48 | Queue | Villager (Male) |
| 6:04 | Build | Palisade Wall |
| 6:15 | Build | House |
| 6:22 | Queue | Villager (Male) |
| 6:29 | Queue | Fishing Ship |
| 6:42 | Queue | Villager (Male) |
| 6:44 | Build | House |
| 6:56 | Build | Palisade Wall |
| 7:06 | Queue | Villager (Male) |
| 7:07 | Queue | Villager (Male) |
| 7:07 | Queue | Villager (Male) |
| 7:22 | Build | House |
| 7:30 | Build | Mill |
| 7:33 | Queue | Villager (Male) |
| 7:33 | Queue | Villager (Male) |
| 7:34 | Queue | Villager (Male) |
| 8:12 | Build | House |
| 8:27 | Build | House |
| 8:31 | Queue | Villager (Male) |
| 8:32 | Queue | Villager (Male) |
| 8:42 | Build | House |
| 8:51 | Queue | Villager (Male) |
| 8:57 | Build | House |
| 9:08 | Build | House |
| 9:53 | Queue | Villager (Male) |
| 9:58 | Research | Feudal Age |
| 9:58 | Research | Feudal Age |
| 11:34 | Queue | Villager (Male) |
| 12:01 | Queue | Villager (Male) |
| 12:11 | Queue | Villager (Male) |
| 12:28 | Age | Feudal Age |
| 12:30 | Build | Market |
| 12:36 | Build | Blacksmith |
| 12:37 | Queue | Villager (Male) |
| 12:47 | Research | Loom |
| 12:58 | Build | Mining Camp |
| 13:14 | Research | Castle Age |
| 13:14 | Research | Castle Age |
| 13:14 | Research | Castle Age |
| 14:57 | Build | Lumber Camp |
| 15:26 | Build | House |
| 15:47 | Build | Palisade Wall |
| 15:58 | Age | Castle Age |
| 16:00 | Queue | Villager (Male) |
| 16:27 | Queue | Villager (Male) |
| 16:33 | Research | Double-Bit Axe |
| 16:34 | Queue | Villager (Male) |
| 16:34 | Queue | Villager (Male) |
| 16:54 | Build | House |
| 16:57 | Build | Palisade Gate |
| 17:07 | Build | Castle |
| 17:10 | Build | Palisade Gate |
| 17:12 | Build | Palisade Wall |
| 17:24 | Queue | Villager (Male) |
| 17:26 | Queue | Villager (Male) |
| 17:45 | Queue | Villager (Male) |
| 18:05 | Queue | Conquistador |
| 18:12 | Build | Mining Camp |
| 19:03 | Queue | Conquistador |
| 19:03 | Queue | Villager (Male) |
| 19:11 | Build | Palisade Gate |
| 19:13 | Build | Palisade Wall |
| 19:15 | Build | Palisade Wall |
| 19:26 | Queue | Villager (Male) |
| 19:34 | Queue | Conquistador |
| 19:44 | Queue | Villager (Male) |
| 20:00 | Build | Mill |
| 20:06 | Queue | Villager (Male) |
| 20:09 | Queue | Conquistador |
| 20:09 | Queue | Conquistador |
| 20:54 | Build | Palisade Gate |
| 20:56 | Build | Palisade Gate |
| 20:58 | Build | Palisade Wall |
| 21:03 | Queue | Villager (Male) |
| 21:05 | Queue | Conquistador |
| 21:14 | Build | House |
| 21:17 | Build | Palisade Wall |
| 21:33 | Build | House |
| 21:41 | Queue | Villager (Male) |
| 22:10 | Queue | Conquistador |
| 22:24 | Build | Farm |
| 22:25 | Build | Farm |
| 22:25 | Build | Farm |
| 22:25 | Build | Farm |
| 22:26 | Build | Farm |
| 22:41 | Queue | Villager (Male) |
| 22:45 | Build | Farm |
| 22:46 | Queue | Villager (Male) |
| 23:07 | Queue | Villager (Male) |
| 23:12 | Queue | Conquistador |
| 23:42 | Queue | Villager (Male) |
| 23:51 | Queue | Villager (Male) |
| 23:58 | Queue | Villager (Male) |
| 23:58 | Queue | Villager (Male) |
| 24:00 | Build | Farm |
| 24:01 | Build | Farm |
| 24:02 | Build | Farm |
| 24:03 | Build | Farm |
| 24:03 | Build | Farm |
| 24:10 | Queue | Villager (Male) |
| 24:13 | Build | Farm |
| 24:32 | Queue | Villager (Male) |
| 24:33 | Queue | Villager (Male) |
| 24:36 | Build | Farm |
| 24:39 | Build | Farm |
| 25:00 | Queue | Villager (Male) |
| 25:03 | Build | Farm |
| 25:04 | Build | Farm |
| 25:19 | Queue | Villager (Male) |
| 25:50 | Queue | Villager (Male) |
| 26:12 | Build | Lumber Camp |
| 26:40 | Queue | Villager (Male) |
| 27:18 | Queue | Villager (Male) |
| 27:46 | Research | Imperial Age |
| 27:46 | Research | Imperial Age |
| 27:46 | Research | Imperial Age |
| 28:06 | Queue | Conquistador |
| 28:06 | Queue | Conquistador |
| 28:11 | Build | Farm |
| 28:14 | Build | Farm |
| 28:17 | Build | Farm |
| 28:21 | Build | Outpost |
| 28:28 | Build | Monastery |
| 28:32 | Build | Monastery |
Build order — GRAFOTES
First 150 of 579 actions detected
| 0:35 | Build | Town Center |
| 0:50 | Build | House |
| 0:53 | Build | Dock |
| 2:36 | Queue | Villager (Male) ×5 |
| 3:35 | Build | House |
| 3:56 | Queue | Fishing Ship |
| 4:34 | Queue | Villager (Male) |
| 4:49 | Queue | Fishing Ship |
| 4:49 | Queue | Fishing Ship |
| 5:01 | Queue | Villager (Male) |
| 5:30 | Queue | Villager (Male) |
| 5:32 | Queue | Fishing Ship |
| 5:46 | Build | House |
| 6:02 | Queue | Villager (Male) |
| 6:19 | Queue | Fishing Ship |
| 6:19 | Queue | Fishing Ship |
| 6:27 | Queue | Villager (Male) |
| 6:27 | Queue | Villager (Male) |
| 6:43 | Queue | Fishing Ship |
| 6:54 | Queue | Villager (Male) |
| 6:57 | Build | House |
| 7:15 | Queue | Villager (Male) |
| 7:40 | Queue | Fishing Ship |
| 7:44 | Queue | Fishing Ship |
| 7:45 | Queue | Villager (Male) |
| 7:49 | Queue | Villager (Male) |
| 8:26 | Build | House |
| 8:31 | Queue | Villager (Male) |
| 8:50 | Queue | Fishing Ship |
| 8:56 | Build | Dock |
| 9:01 | Queue | Villager (Male) |
| 9:19 | Build | Lumber Camp |
| 9:21 | Queue | Villager (Male) |
| 9:21 | Queue | Villager (Male) |
| 9:22 | Research | Loom |
| 9:28 | Queue | Villager (Male) |
| 9:48 | Build | Palisade Wall |
| 9:50 | Build | Palisade Wall |
| 10:17 | Build | House |
| 10:19 | Research | Feudal Age |
| 10:59 | Build | Dock |
| 11:04 | Build | Palisade Wall |
| 11:21 | Queue | Villager (Male) |
| 12:51 | Age | Feudal Age |
| 12:52 | Queue | Galley |
| 12:52 | Queue | Galley |
| 12:52 | Queue | Galley |
| 12:53 | Queue | Galley |
| 12:57 | Build | Blacksmith |
| 12:58 | Research | Double-Bit Axe |
| 13:05 | Build | House |
| 13:13 | Queue | Villager (Male) |
| 13:13 | Queue | Villager (Male) |
| 13:20 | Queue | Galley |
| 13:29 | Build | House |
| 13:37 | Queue | Galley |
| 13:40 | Research | Fletching |
| 13:57 | Queue | Galley |
| 14:00 | Queue | Villager (Male) |
| 14:22 | Queue | Villager (Male) |
| 14:27 | Queue | Galley |
| 14:42 | Queue | Galley |
| 14:43 | Queue | Villager (Male) |
| 14:49 | Queue | Galley |
| 14:50 | Queue | Villager (Male) |
| 15:05 | Queue | Villager (Male) |
| 15:09 | Build | Mill |
| 15:19 | Build | House |
| 15:19 | Build | House |
| 15:48 | Build | Market |
| 15:54 | Queue | Villager (Male) |
| 16:31 | Queue | Villager (Male) |
| 16:34 | Build | House |
| 16:59 | Research | Castle Age |
| 17:01 | Queue | Galley |
| 17:03 | Queue | Galley |
| 17:30 | Build | Dock |
| 17:41 | Build | House |
| 18:00 | Queue | Galley |
| 18:01 | Queue | Villager (Male) |
| 18:02 | Queue | Galley |
| 18:03 | Queue | Galley |
| 18:09 | Queue | Galley |
| 18:37 | Queue | Galley |
| 18:37 | Queue | Galley |
| 18:52 | Queue | Galley |
| 19:08 | Queue | Galley |
| 19:28 | Queue | Galley |
| 19:30 | Queue | Galley |
| 19:30 | Queue | Galley |
| 19:42 | Age | Castle Age |
| 19:45 | Research | War Galley (upgrade) |
| 19:51 | Research | Bodkin Arrow |
| 20:10 | Queue | Galley |
| 20:10 | Queue | Galley |
| 20:10 | Queue | Galley |
| 20:23 | Queue | Galley |
| 20:23 | Queue | Galley |
| 20:24 | Queue | Villager (Male) |
| 20:42 | Queue | Galley |
| 20:44 | Queue | Galley |
| 20:45 | Queue | Villager (Male) |
| 20:58 | Research | Bow Saw |
| 21:00 | Queue | Galley |
| 21:01 | Queue | Villager (Male) |
| 21:25 | Queue | Galley |
| 21:25 | Queue | Galley |
| 21:26 | Queue | Villager (Male) |
| 21:45 | Queue | Villager (Male) |
| 21:49 | Build | House |
| 21:50 | Build | House |
| 22:02 | Queue | Unit 2626 |
| 22:45 | Build | Town Center |
| 23:02 | Queue | Villager (Male) |
| 23:37 | Queue | Villager (Male) |
| 23:57 | Queue | Villager (Male) |
| 24:21 | Queue | Villager (Male) |
| 24:22 | Queue | Villager (Male) |
| 24:36 | Queue | Villager (Male) |
| 24:50 | Queue | Villager (Male) |
| 24:51 | Queue | Villager (Male) |
| 24:53 | Queue | Galley |
| 24:54 | Queue | Galley |
| 24:54 | Queue | Galley |
| 24:54 | Queue | Galley |
| 24:56 | Queue | Villager (Male) |
| 25:11 | Queue | Villager (Male) |
| 25:30 | Queue | Villager (Male) |
| 25:31 | Queue | Villager (Male) |
| 25:38 | Queue | Galley |
| 25:38 | Queue | Galley |
| 25:57 | Queue | Galley |
| 25:57 | Queue | Galley |
| 25:58 | Queue | Villager (Male) |
| 26:04 | Queue | Villager (Male) |
| 26:18 | Queue | Galley |
| 26:21 | Queue | Villager (Male) |
| 26:28 | Queue | Villager (Male) |
| 26:46 | Build | University |
| 27:20 | Queue | Galley |
| 27:29 | Research | Tech 908 |
| 27:34 | Queue | Galley |
| 27:34 | Queue | Galley |
| 27:35 | Queue | Villager (Male) |
| 27:35 | Queue | Villager (Male) |
| 27:36 | Queue | Villager (Male) |
| 27:37 | Queue | Villager (Male) |
| 27:37 | Queue | Villager (Male) |
| 27:40 | Queue | Galley |
| 28:01 | Queue | Galley |
Match timeline
| 0:41 | Croccia · first_building Dock |
| 0:44 | Croccia · wall_segment Palisade Wall x1 |
| 0:53 | GRAFOTES · first_building Dock |
| 1:06 | 76nateK · first_building Dock |
| 1:37 | GAX | t9 · first_building Dock |
| 2:21 | GAX | t9 · wall_segment Palisade Wall x1 |
| 2:22 | GAX | t9 · wall_segment Palisade Wall x1 |
| 2:23 | GAX | t9 · wall_segment Palisade Wall x1 |
| 3:02 | GAX | t9 · wall_segment Palisade Wall x1 |
| 3:02 | GAX | t9 · wall_segment Palisade Wall x1 |
| 3:13 | GAX | t9 · wall_segment Palisade Wall x1 |
| 3:30 | GAX | t9 · wall_segment Palisade Wall x1 |
| 3:49 | Croccia · wall_segment Palisade Wall x1 |
| 6:04 | Croccia · wall_segment Palisade Wall x1 |
| 6:56 | Croccia · wall_segment Palisade Wall x1 |
| 9:48 | GRAFOTES · wall_segment Palisade Wall x1 |
| 9:50 | GRAFOTES · wall_segment Palisade Wall x1 |
| 11:04 | GRAFOTES · wall_segment Palisade Wall x1 |
| 11:11 | 76nateK · first_building Barracks |
| 12:28 | Croccia · age_up feudal |
| 12:43 | 76nateK · age_up feudal |
| 12:44 | 76nateK · first_building Stable |
| 12:51 | GRAFOTES · age_up feudal |
| 12:59 | GAX | t9 · wall_segment Palisade Wall x9 |
| 13:13 | Croccia · first_market_sell 100 food |
| 14:13 | GAX | t9 · age_up feudal |
| 15:32 | GAX | t9 · wall_segment Palisade Wall x6 |
| 15:41 | GAX | t9 · first_market_buy 100 food |
| 15:47 | Croccia · wall_segment Palisade Wall x17 |
| 15:58 | Croccia · age_up castle |
| 17:07 | Croccia · first_building Castle |
| 17:12 | Croccia · wall_segment Palisade Wall x1 |
| 18:25 | GAX | t9 · age_up castle |
| 19:13 | Croccia · wall_segment Palisade Wall x1 |
| 19:15 | Croccia · wall_segment Palisade Wall x1 |
| 19:33 | Croccia · first_market_buy 100 food |
| 19:42 | GRAFOTES · age_up castle |
| 19:47 | GAX | t9 · first_market_sell 100 food |
| 19:49 | GRAFOTES · first_market_sell 100 food |
| 20:57 | GRAFOTES · first_market_buy 100 wood |
| 20:58 | Croccia · wall_segment Palisade Wall x1 |
| 21:17 | Croccia · wall_segment Palisade Wall x1 |
| 24:36 | 76nateK · age_up castle |
| 25:38 | GAX | t9 · first_building Barracks |
| 27:10 | 76nateK · first_building Castle |
| 28:28 | Croccia · first_building Monastery |
| 28:32 | GAX | t9 · first_building Monastery |
| 29:33 | GAX | t9 · first_building Stable |
| 30:02 | Croccia · wall_segment Stone Wall x2 |
| 30:04 | Croccia · wall_segment Stone Wall x3 |
| 30:35 | GAX | t9 · wall_segment Stone Wall x1 |
| 30:56 | Croccia · age_up imperial |
| 31:13 | Croccia · wall_segment Stone Wall x1 |
| 32:52 | GAX | t9 · first_building Castle |
| 34:43 | GRAFOTES · first_building Barracks |
| 37:57 | Croccia · first_building Barracks |
| 38:41 | GRAFOTES · first_building Castle |
| 38:46 | 76nateK · first_building Archery Range |
| 40:20 | GAX | t9 · age_up imperial |
| 40:31 | Croccia · wall_segment Stone Wall x6 |
| 40:32 | Croccia · wall_segment Stone Wall x8 |
| 43:44 | GRAFOTES · age_up imperial |
| 45:01 | 76nateK · age_up imperial |
| 45:04 | 76nateK · first_building Siege Workshop |
| 46:11 | GRAFOTES · first_building Siege Workshop |
| 46:33 | Croccia · first_building Archery Range |
| 47:30 | Croccia · tribute_sent a jugador 1 |
| 47:30 | Croccia · tribute_sent a jugador 3 |
| 47:30 | Croccia · tribute_sent a jugador 4 |
| 48:37 | Croccia · tribute_sent a jugador 1 |
| 48:37 | Croccia · tribute_sent a jugador 3 |
| 48:37 | Croccia · tribute_sent a jugador 4 |
| 53:47 | 76nateK · first_market_sell 500 food |
| 53:57 | Croccia · first_building Siege Workshop |
| 54:24 | GAX | t9 · first_building Archery Range |
| 54:48 | GAX | t9 · resign |
[ AI ANALYSIS · 1 CREDIT ]
What really happened in this match?
Wolo.gg analyzes every decision: build order, eco, micro, common mistakes by bracket. Personalized analysis on WhatsApp or Discord in 30 seconds.
Civ guide
Persians
Perfil
Jugador #10457681